APP
BOSTON (APP) RED SOX @ DETROIT (APP) TIGERS
10/20/2048
 
TOP OF THE 1ST
Bluefield Blue Jays batting - Pitching for Great Falls Voyagers : RHP Jason Zunno
Pitching: RHP Jason Zunno
Batting: RHB Mario Alfaro 0-0: Ball
1-0: Foul Ball, location: 2F
1-1: Ball
2-1: Ground out 5-3 (Groundball, 56, EV 81.3 MPH)
Batting: LHB Paul Caliari 0-0: Called Strike
0-1: Ground out 4-3 (Groundball, 4, EV 103.1 MPH)
Batting: SHB Orlando Lopez 0-0: Ball
1-0: Ball
2-0: Ball
3-0: Called Strike
3-1: SINGLE (Groundball, 4D, EV 100.6 MPH)
Batting: RHB Murray Yerzy 0-0: Ball
1-0: DOUBLE (Line Drive, 78D, EV 108.8 MPH)
Orlando Lopez to third
Batting: LHB Andy Brumley 0-0: Called Strike
0-1: SINGLE (Groundball, 25, EV 69.4 MPH) (infield hit)
Orlando Lopez scores
Murray Yerzy to third
Batting: LHB Omar Ramirez 0-0: Ball
1-0: Called Strike
1-1: Ball
2-1: Ball
3-1: Fly out, F8 (Flyball, 8RD, EV 94.4 MPH)
Top of the 1st over - 1 run, 3 hits, 0 errors, 2 left on base; Bluefield 1 - Great Falls 0
BOTTOM OF THE 1ST
Great Falls Voyagers batting - Pitching for Bluefield Blue Jays : RHP David Silva
Pitching: RHP David Silva
Batting: RHB C.J. Chandler 0-0: Called Strike
0-1: Swinging Strike
0-2: Ball
1-2: Strikes out swinging
Batting: RHB Bobby Trosclair 0-0: Called Strike
0-1: Ball
1-1: Ground out 5-3 (Groundball, 5S, EV 72.5 MPH)
Batting: RHB David Torres 0-0: Ground out 4-3 (Groundball, 4S, EV 68.8 MPH)
Bottom of the 1st over - 0 runs, 0 hits, 0 errors, 0 left on base; Bluefield 1 - Great Falls 0
TOP OF THE 2ND
Bluefield Blue Jays batting - Pitching for Great Falls Voyagers : RHP Jason Zunno
Batting: RHB Logan Humby 0-0: Foul Ball, location: 2F
0-1: Ball
1-1: Foul Ball, location: 2F
1-2: Foul Ball, location: 2F
1-2: Foul Ball, location: 2F
1-2: Fly out, F8 (Flyball, 8LD, EV 105.0 MPH)
Batting: RHB Jose Amparan 0-0: Ground out 6-3 (Groundball, 6, EV 82.5 MPH)
Batting: RHB Tyler Gray 0-0: Ball
1-0: Foul Ball, location: 2F
1-1: Ball
2-1: Foul Ball, location: 2F
2-2: Strikes out looking
Top of the 2nd over - 0 runs, 0 hits, 0 errors, 0 left on base; Bluefield 1 - Great Falls 0
BOTTOM OF THE 2ND
Great Falls Voyagers batting - Pitching for Bluefield Blue Jays : RHP David Silva
Batting: LHB Luis Flores 0-0: Ball
1-0: Called Strike
1-1: Called Strike
1-2: Foul Ball, location: 2F
1-2: Strikes out swinging
Batting: SHB Eduardo Monzon 0-0: Called Strike
0-1: Ball
1-1: DOUBLE (Groundball, 3L, EV 105.0 MPH)
Batting: LHB Adrian Cruz 0-0: Called Strike
0-1: SINGLE (Line Drive, 7S, EV 100.0 MPH)
Eduardo Monzon to third
Runner from 3rd tries for Home, SAFE, throw by LF to home
Batting: RHB Brian Harris 0-0: Fly out, F9 (Flyball, 9, EV 78.1 MPH)
Batting: RHB Orlando Blanco 0-0: Called Strike
0-1: Called Strike
0-2: SINGLE (Line Drive, 34, EV 98.1 MPH)
Adrian Cruz to second
Runner from 2nd tries for 3rd, OUT! 9-5
Bottom of the 2nd over - 1 run, 3 hits, 0 errors, 1 left on base; Bluefield 1 - Great Falls 1
TOP OF THE 3RD
Bluefield Blue Jays batting - Pitching for Great Falls Voyagers : RHP Jason Zunno
Batting: RHB Mario Alfaro 0-0: Ball
1-0: Foul Ball, location: 2F
1-1: Ball
2-1: Ball
3-1: Base on Balls
Batting: LHB Paul Caliari 0-0: Ball
1-0: Ball
2-0: Swinging Strike
2-1: Fielders Choice at 2nd, 1-4 (Groundball, 15S, EV 74.4 MPH)
Batting: SHB Orlando Lopez 0-0: Called Strike
Paul Caliari steals 2nd base (no throw)
0-1: Ball
1-1: Foul Ball, location: 2F
1-2: Ball
2-2: Ball
3-2: Foul Ball, location: 2F
3-2: DOUBLE (Groundball, 5L, EV 96.3 MPH)
Paul Caliari scores
Batting: RHB Murray Yerzy 0-0: Ball
1-0: Swinging Strike
1-1: Ball
2-1: Ground out 4-3 (Groundball, 4, EV 110.0 MPH)
Orlando Lopez to third
Batting: LHB Andy Brumley 0-0: Ball
1-0: Ball
2-0: Ball
3-0: Base on Balls
Batting: LHB Omar Ramirez 0-0: Ball
1-0: DOUBLE (Flyball, 89D, EV 91.9 MPH)
Orlando Lopez scores
Andy Brumley to third
Runner from 3rd tries for Home, throw by CF and OUT! 8-4-2
Top of the 3rd over - 2 runs, 2 hits, 0 errors, 1 left on base; Bluefield 3 - Great Falls 1
BOTTOM OF THE 3RD
Great Falls Voyagers batting - Pitching for Bluefield Blue Jays : RHP David Silva
Batting: RHB Brian Marut 0-0: Swinging Strike
0-1: Ball
1-1: Foul Ball, location: 2F
1-2: Foul Ball, location: 2F
1-2: Ball
2-2: DOUBLE (Line Drive, 3D, EV 94.4 MPH)
Batting: RHB C.J. Chandler 0-0: Ball
1-0: Ball
2-0: Swinging Strike
2-1: Foul Ball, location: 2F
2-2: Foul Ball, location: 2F
2-2: Strikes out swinging
Batting: RHB Bobby Trosclair 0-0: Ball
1-0: Ball
2-0: Ball
3-0: Called Strike
3-1: Called Strike
3-2: Fly out, F4 (Popup, 34, EV 74.4 MPH)
Batting: RHB David Torres 0-0: Called Strike
0-1: Ball
1-1: Swinging Strike
1-2: Ball
Wild Pitch!
Brian Marut to third
2-2: Strikes out swinging
Bottom of the 3rd over - 0 runs, 1 hit, 0 errors, 1 left on base; Bluefield 3 - Great Falls 1
TOP OF THE 4TH
Bluefield Blue Jays batting - Pitching for Great Falls Voyagers : RHP Jason Zunno
Batting: RHB Logan Humby 0-0: Ball
1-0: Ground out 6-3 (Groundball, 6, EV 81.9 MPH)
Batting: RHB Jose Amparan 0-0: Fly out, F4 (Popup, 4D, EV 68.1 MPH)
Batting: RHB Tyler Gray 0-0: Swinging Strike
0-1: Ball
1-1: Ball
2-1: SINGLE (Groundball, 56S, EV 74.4 MPH) (infield hit)
Batting: RHB Mario Alfaro 0-0: Called Strike
0-1: Ball
1-1: Foul Ball, location: 2F
1-2: Foul Ball, location: 2F
1-2: SINGLE (Groundball, 6D, EV 104.4 MPH)
Tyler Gray to second
Runner from 2nd tries for 3rd, SAFE, throw by CF made to third
Batting: LHB Paul Caliari 0-0: Ball
1-0: Foul Ball, location: 2F
1-1: Ball
2-1: Ground out 4-3 (Groundball, 4, EV 83.8 MPH)
Top of the 4th over - 0 runs, 2 hits, 0 errors, 2 left on base; Bluefield 3 - Great Falls 1
BOTTOM OF THE 4TH
Great Falls Voyagers batting - Pitching for Bluefield Blue Jays : RHP David Silva
Batting: LHB Luis Flores 0-0: Called Strike
0-1: Foul Ball, location: 2F
0-2: Ball
1-2: Strikes out looking
Batting: SHB Eduardo Monzon 0-0: Foul Ball, location: 2F
0-1: Foul Ball, location: 2F
0-2: Ball
1-2: Foul Ball, location: 2F
1-2: Foul Ball, location: 2F
1-2: Ball
2-2: Ball
3-2: Base on Balls
Batting: LHB Adrian Cruz 0-0: Foul Ball, location: 2F
0-1: Ball
1-1: Grounds into double play, 5-4-3 (Groundball, 5, EV 90.6 MPH)
Bottom of the 4th over - 0 runs, 0 hits, 0 errors, 0 left on base; Bluefield 3 - Great Falls 1
TOP OF THE 5TH
Bluefield Blue Jays batting - Pitching for Great Falls Voyagers : RHP Jason Zunno
Batting: SHB Orlando Lopez 0-0: Ball
1-0: Foul Ball, location: 2F
1-1: Ball
2-1: Swinging Strike
2-2: Strikes out looking
Batting: RHB Murray Yerzy 0-0: Ball
1-0: Fly out, F8 (Flyball, 8RXD, EV 84.4 MPH)
Batting: LHB Andy Brumley 0-0: Swinging Strike
0-1: Foul Ball, location: 2F
0-2: Ball
1-2: Ball
2-2: Fly out, F8 (Flyball, 8LD, EV 100.6 MPH)
Top of the 5th over - 0 runs, 0 hits, 0 errors, 0 left on base; Bluefield 3 - Great Falls 1
BOTTOM OF THE 5TH
Great Falls Voyagers batting - Pitching for Bluefield Blue Jays : RHP David Silva
Batting: RHB Brian Harris 0-0: Swinging Strike
0-1: Ball
1-1: Fly out, F8 (Flyball, 8RD, EV 102.5 MPH)
Batting: RHB Orlando Blanco 0-0: Ball
1-0: Foul Ball, location: 2F
1-1: Swinging Strike
1-2: Ball
2-2: Ball
3-2: Strikes out swinging
Batting: RHB Brian Marut 0-0: Called Strike
0-1: Ball
1-1: Ball
2-1: Ball
3-1: Base on Balls
Batting: RHB C.J. Chandler 0-0: Ball
1-0: Foul Ball, location: 2F
1-1: Ball
2-1: SINGLE (Groundball, 56, EV 100.0 MPH) (infield hit)
Brian Marut to second
Pitching: RHP Chris Varner
Batting: RHB Bobby Trosclair 0-0: Ball
1-0: Fly out, F9 (Flyball, 9LM, EV 101.3 MPH)
Bottom of the 5th over - 0 runs, 1 hit, 0 errors, 2 left on base; Bluefield 3 - Great Falls 1
TOP OF THE 6TH
Bluefield Blue Jays batting - Pitching for Great Falls Voyagers : RHP Jason Zunno
Batting: LHB Omar Ramirez 0-0: Ball
1-0: Called Strike
1-1: Ball
2-1: Called Strike
2-2: Ball
3-2: Base on Balls
Batting: RHB Logan Humby 0-0: Called Strike
Omar Ramirez steals 2nd base
0-1: Ball
1-1: Fly out, F4 (Popup, 3S, EV 86.3 MPH)
Batting: RHB Jose Amparan 0-0: Fly out, F7 (Flyball, 78D, EV 100.0 MPH)
Batting: RHB Tyler Gray 0-0: Ball
1-0: Foul Ball, location: 2F
1-1: Swinging Strike
1-2: Ball
2-2: Ball
3-2: SINGLE (Line Drive, 6D, EV 104.4 MPH)
Omar Ramirez to third
Omar Ramirez scores
Batting: RHB Mario Alfaro 0-0: Called Strike
0-1: Called Strike
Tyler Gray steals 2nd base
0-2: Foul Ball, location: 2F
0-2: Ball
1-2: Ball
2-2: Foul Ball, location: 2F
2-2: Ball
3-2: Foul Ball, location: 2F
3-2: TRIPLE (Flyball, 89XD, EV 108.8 MPH)
Tyler Gray scores
Pitching: LHP Mark Boyd
Batting: LHB Paul Caliari 0-0: Ball
Wild Pitch!
Mario Alfaro scores
1-0: Swinging Strike
1-1: Swinging Strike
1-2: Strikes out swinging
Top of the 6th over - 3 runs, 2 hits, 0 errors, 0 left on base; Bluefield 6 - Great Falls 1
BOTTOM OF THE 6TH
Great Falls Voyagers batting - Pitching for Bluefield Blue Jays : RHP Chris Varner
Batting: RHB David Torres 0-0: Foul Ball, location: 2F
0-1: Foul Ball, location: 2F
0-2: Strikes out swinging
Batting: LHB Luis Flores 0-0: Ball
1-0: Called Strike
1-1: Swinging Strike
1-2: Ball
2-2: Strikes out swinging
Batting: SHB Eduardo Monzon 0-0: Foul Ball, location: 2F
0-1: Ball
1-1: Foul Ball, location: 2F
1-2: Ball
2-2: Ground out 4-3 (Groundball, 4, EV 87.5 MPH)
Bottom of the 6th over - 0 runs, 0 hits, 0 errors, 0 left on base; Bluefield 6 - Great Falls 1
TOP OF THE 7TH
Bluefield Blue Jays batting - Pitching for Great Falls Voyagers : LHP Mark Boyd
Batting: SHB Orlando Lopez 0-0: Ball
1-0: Ball
2-0: Fly out, F7 (Line Drive, 7, EV 96.9 MPH)
Batting: RHB Murray Yerzy 0-0: Ball
1-0: Foul Ball, location: 2F
1-1: Ground out 5-3 (Groundball, 56, EV 111.3 MPH)
Batting: LHB Andy Brumley 0-0: Called Strike
0-1: Ball
1-1: Swinging Strike
1-2: Ball
2-2: Strikes out swinging
Top of the 7th over - 0 runs, 0 hits, 0 errors, 0 left on base; Bluefield 6 - Great Falls 1
BOTTOM OF THE 7TH
Great Falls Voyagers batting - Pitching for Bluefield Blue Jays : RHP Chris Varner
Now at 1B: Mel Medlin
Batting: LHB Adrian Cruz 0-0: Swinging Strike
0-1: Called Strike
0-2: Ball
1-2: Fly out, F9 (Flyball, 9, EV 92.5 MPH)
Batting: RHB Brian Harris 0-0: Ball
1-0: Ball
2-0: Called Strike
2-1: Swinging Strike
2-2: Ball
3-2: Strikes out swinging
Batting: RHB Orlando Blanco 0-0: DOUBLE (Line Drive, 8RD, EV 111.3 MPH)
Batting: RHB Brian Marut 0-0: Called Strike
0-1: Ball
1-1: Swinging Strike
1-2: Strikes out swinging
Bottom of the 7th over - 0 runs, 1 hit, 0 errors, 1 left on base; Bluefield 6 - Great Falls 1
TOP OF THE 8TH
Bluefield Blue Jays batting - Pitching for Great Falls Voyagers : LHP Mark Boyd
Batting: LHB Omar Ramirez 0-0: Ball
1-0: Foul Ball, location: 2F
1-1: Called Strike
1-2: Fly out, F5 (Popup, 56, EV 75.0 MPH)
Pitching: RHP Javon Walker
Batting: RHB Logan Humby 0-0: Ball
1-0: Foul Ball, location: 2F
1-1: DOUBLE (Line Drive, 89XD, EV 106.3 MPH)
Batting: RHB Jose Amparan 0-0: Called Strike
0-1: Foul Ball, location: 2F
0-2: Foul Ball, location: 2F
0-2: Reached on error, E8 (Flyball, 78M, EV 75.0 MPH)
Logan Humby to third
Batting: RHB Tyler Gray 0-0: Called Strike
0-1: Foul Ball, location: 2F
0-2: Ball
1-2: Fly out, F9 (Line Drive, 9S, EV 88.8 MPH)
Batting: RHB Mario Alfaro 0-0: Foul Ball, location: 2F
0-1: Swinging Strike
0-2: Strikes out swinging
Top of the 8th over - 0 runs, 1 hit, 1 error, 2 left on base; Bluefield 6 - Great Falls 1
BOTTOM OF THE 8TH
Great Falls Voyagers batting - Pitching for Bluefield Blue Jays : RHP Chris Varner
Batting: RHB C.J. Chandler 0-0: Ball
1-0: DOUBLE (Line Drive, 9LM, EV 110.6 MPH)
Pitching: RHP Cory Falcon
Batting: RHB Bobby Trosclair 0-0: Foul Ball, location: 2F
0-1: Ball
1-1: Foul Ball, location: 2F
1-2: Strikes out looking
Batting: RHB David Torres 0-0: Swinging Strike
0-1: Swinging Strike
0-2: Ball
1-2: Ball
2-2: Strikes out swinging
Batting: LHB Luis Flores 0-0: Called Strike
0-1: Ball
1-1: Ground out 6-3 (Groundball, 6, EV 105.0 MPH)
Bottom of the 8th over - 0 runs, 1 hit, 0 errors, 1 left on base; Bluefield 6 - Great Falls 1
TOP OF THE 9TH
Bluefield Blue Jays batting - Pitching for Great Falls Voyagers : RHP Javon Walker
Batting: LHB Paul Caliari 0-0: Hit by Pitch
Batting: RHB Mel Medlin 0-0: Ball
1-0: Ball
2-0: Ball
3-0: Called Strike
3-1: Base on Balls
Paul Caliari to second
Pitching: LHP Mario Negrete
Batting: RHB Murray Yerzy 0-0: SINGLE (Line Drive, 7S, EV 94.4 MPH)
Paul Caliari to third
Mel Medlin to second
Batting: LHB Andy Brumley 0-0: Called Strike
0-1: Ball
1-1: Ball
2-1: Called Strike
2-2: Strikes out swinging
Batting: LHB Omar Ramirez 0-0: Swinging Strike
0-1: Ball
1-1: Ball
2-1: Ball
3-1: Base on Balls
Paul Caliari scores
Mel Medlin to third
Murray Yerzy to second
Batting: RHB Logan Humby 0-0: Ball
1-0: Ball
2-0: Foul Ball, location: 2F
2-1: Swinging Strike
2-2: Foul Ball, location: 2F
2-2: Ball
3-2: SINGLE (Flyball, 9LS, EV 93.8 MPH)
Mel Medlin scores
Murray Yerzy to third
Omar Ramirez to second
Runner from 3rd tries for Home, SAFE, throw by RF to home
Batting: RHB Jose Amparan 0-0: Foul Ball, location: 2F
0-1: Fly out, F7 (Flyball, 78M, EV 91.9 MPH)
Pitching: LHP Elijah Carter
Batting: RHB Tyler Gray 0-0: Called Strike
0-1: Foul Ball, location: 2F
0-2: TRIPLE (Flyball, 78XD, EV 114.4 MPH)
Omar Ramirez scores
Logan Humby scores
Pinch Hitting: LHB Jokichi Shimada 0-0: Foul Ball, location: 2F
0-1: Ball
1-1: Ball
2-1: Called Strike
2-2: Foul Ball, location: 2F
2-2: Foul Ball, location: 2F
2-2: SINGLE (Flyball, 7S, EV 88.8 MPH)
Tyler Gray scores
Batting: LHB Paul Caliari 0-0: Ball
1-0: Called Strike
1-1: Fly out, F7 (Flyball, 7LS, EV 85.6 MPH)
Top of the 9th over - 6 runs, 4 hits, 0 errors, 1 left on base; Bluefield 12 - Great Falls 1
BOTTOM OF THE 9TH
Great Falls Voyagers batting - Pitching for Bluefield Blue Jays : RHP Cory Falcon
Now in RF: Kevin DeFreest
Batting: SHB Eduardo Monzon 0-0: Called Strike
0-1: Fly out, F6 (Line Drive, 6, EV 68.1 MPH)
Batting: LHB Adrian Cruz 0-0: Ball
1-0: Ground out 6-3 (Groundball, 6D, EV 100.6 MPH)
Batting: RHB Brian Harris 0-0: Called Strike
0-1: Ball
1-1: Ball
2-1: Swinging Strike
2-2: Strikes out swinging
Bottom of the 9th over - 0 runs, 0 hits, 0 errors, 0 left on base; Bluefield 12 - Great Falls 1
Tuesday, March 28th , 2023 - OOTP Baseball 23.10 Build 110